 Dungeon Crawl Stone Soup version 0.29.1-2-gbd0b4ee654 (webtiles) character file.

Game seed: 9797468750563791442

21 GeoRichter the Chopper (level 2, 0/27 HPs)
             Began as a Minotaur Berserker on Nov 11, 2022.
             Was a Follower of Trog.
             Slain by a gnoll
             ... wielding a +0 spear
              (4 damage)
             ... on level 1 of the Dungeon.
             The game lasted 00:00:31 (336 turns).

GeoRichter the Chopper (Minotaur Berserker)          Turns: 336, Time: 00:00:32

Health: 0/27       AC:  3    Str: 21    XL:     2   Next: 62%
Magic:  1/1        EV: 12    Int:  4    God:    Trog [*.....]
Gold:   34         SH:  0    Dex:  9    Spells: 1/1 levels left

rFire   . . .      SeeInvis .   a - +0 hand axe
rCold   . . .      Faith    .   (no shield)
rNeg    . . .      Spirit   .   b - +0 animal skin
rPois   .          Reflect  .   (helmet restricted)
rElec   .          Harm     .   i - +0 cloak
rCorr   .          Rampage  .   (no gloves)
Will    .....                   (no boots)
Stlth   +.........              (no amulet)
HPRegen 0.09/turn               (no ring)
MPRegen 0.07/turn               (no ring)

@: no status effects
A: horns 2, retaliatory headbutt
a: Renounce Religion, Berserk


You were on level 1 of the Dungeon.
You worshipped Trog.
Trog was aware of your devotion.
You visited 1 branch of the dungeon, and saw 1 of its levels.

You collected 34 gold pieces.

Inventory:

Hand Weapons
 a - a +0 hand axe (weapon)
Armour
 b - a +0 animal skin (worn)
 i - a +0 cloak (worn)
   (You found it on level 1 of the Dungeon)
Scrolls
 d - a scroll of teleportation {unknown}
 e - a scroll of fear {unknown}
 f - a scroll of fog {unknown}
 h - 3 scrolls of magic mapping {unknown}
Potions
 c - a potion of degeneration {unknown}
 g - a potion of cancellation {unknown}


   Skills:
 + Level 4.0 Fighting
 * Level 4.5 Axes
 - Level 2.4 Armour
 - Level 2.1 Dodging


You had one spell level left.
You didn't know any spells.
Your spell library was empty.

Dungeon Overview and Level Annotations

Branches:
Dungeon (1/15) Zot: 5654

Altars:


Innate Abilities, Weirdness & Mutations

You have a pair of horns on your head.
You reflexively headbutt those who attack you in melee.


Message History

Found two robes.
A dart slug is nearby!
A dart slug is nearby!
Found a robe.
A bat and a quokka come into view.
The bat moves out of view.
The quokka moves out of view.
A kobold comes into view. It is wielding a +0 whip.
Found a green potion.
The kobold shouts!
The dart slug barely misses you. You furiously retaliate!
You headbutt the dart slug.
The kobold moves out of view.
You hit the dart slug. The bat hits you but does no damage.
You hit the dart slug.
You kill the dart slug!
Trog accepts your kill. The bat hits you but does no damage.
A gnoll comes into view. It is wielding a +0 spear.
Your Fighting skill increases to level 4!
The bat barely misses you.
The gnoll shouts!
You hit the bat.
You kill the bat!
Trog accepts your kill.
You hear an angry hiss.
You closely miss the quokka.
A ball python comes into view.
The quokka barely misses you. You furiously retaliate!
You headbutt the quokka.
You kill the quokka!
Trog accepts your kill.
You closely miss the kobold. Your headbutt misses the kobold.
The gnoll misses you. The kobold closely misses you. You furiously retaliate!
You headbutt the kobold. You hit the kobold.
You kill the kobold!
Trog accepts your kill.
The gnoll hits you from afar with a +0 spear!
You completely miss the ball python. The ball python barely misses you.
You furiously retaliate!
You headbutt the ball python!
You kill the ball python!
Trog accepts your kill.
The gnoll hits you from afar with a +0 spear!
* * * LOW HITPOINT WARNING * * *
You fail to use your ability.
The gnoll hits you from afar with a +0 spear.
* * * LOW HITPOINT WARNING * * *
The gnoll barely misses you. You furiously retaliate!
You headbutt the gnoll!
Things that are here:
a +0 whip; a kobold corpse You hit the gnoll.
The gnoll hits you with a +0 spear.
You die...

<~#~#...#...#
###~#......##
~~~##...##(######
###~#........J..# ##
~~~##...#..####..# ...
~##~#...#.##### ....
.##.#.........# ..[..
###'#..†#####.####......
.#..#.### #...@g#
.#....# #####.......
...#### ###[... ..## ...
..# ! .#### ....# ....#
)..>##..


You could see a gnoll.

Vanquished Creatures
  A dart slug (D:1)
  4 ball pythons (D:1)
  2 bats (D:1)
  An endoplasm (D:1)
  A giant cockroach (D:1)
  A goblin (D:1)
  A hobgoblin (D:1)
  2 kobolds (D:1)
  2 quokkas (D:1)
  A rat (D:1)
16 creatures vanquished.

Notes
Turn   | Place    | Note
-------+----------+-------------------------------------------
     0 | D:1      | GeoRichter the Minotaur Berserker began the quest for the
                  | Orb.
     0 | D:1      | Reached XP level 1. HP: 19/19 MP: 0/0
    28 | D:1      | Found a faded altar of an unknown god.
   139 | D:1      | Reached XP level 2. HP: 27/27 MP: 1/1
   336 | D:1      | Slain by a gnoll

Illustrated notes

Levels and vault maps discovered:
D:1:      ncdulo_wetmaze, layout_rooms, ebering_ecumenical_altar_abandoned,
          serial_bayou_pond_e

Skill      XL: |  1  2 |
---------------+-------+-----
Axes           | 4 |  4.5
Fighting       | 4 |  4.0
Armour         | |  2.4
Dodging        | |  2.1

Action                   || total
-------------------------++-------
Melee: Hand axe          ||    23
       Headbutt          ||     4
Armor: Animal skin       ||     4
Dodge: Dodged            ||    21
